 Dungeon Crawl Stone Soup version 0.19.4 (console) character file.

67501 Kloppie the Severer (level 14, -3/126 HPs)
             Began as a Minotaur Fighter on Feb 2, 2017.
             Was the Champion of Elyvilon.
             Slain by a shadow (7 damage)
             ... on level 3 of the Abyss.
             The game lasted 00:31:23 (18524 turns).

Kloppie the Severer (Minotaur Fighter)             Turns: 18524, Time: 00:31:24

Health: -3/126     AC: 21    Str: 21    XL:     14   Next: 83%
Magic:  11/13      EV:  7    Int:  9    God:    Elyvilon [******]
Gold:   489        SH: 15    Dex: 11    Spells: 0 memorised, 13 levels left

rFire  . . .     SeeInvis .     a - +4 broad axe
rCold  + + .     Gourm    .     Q - +2 plate armour {rC+}
rNeg   + . .     Faith    +     v - +1 shield {reflect}
rPois  .         Spirit   .     h - +2 hat
rElec  .         Reflect  +     A - +0 cloak
rCorr  .         Harm     .     (no gloves)
MR     ++...                    i - +2 pair of boots
Stlth  ..........               u - amulet "Xyala" {Faith rN+ Int+4}
                                j - ring of protection from magic
                                k - ring of protection from cold

@: about to teleport
A: retaliatory headbutt, horns 2, deformed body, slow regeneration 2, weak 2,
subdued magic 2, MP-powered wands
a: Lesser Healing, Heal Other, Purification, Greater Healing, Divine Vigour,
Divine Protection, Renounce Religion


You were on level 3 of the Abyss.
You worshipped Elyvilon.
Elyvilon was exalted by your worship.
You were not hungry.

You visited 3 branches of the dungeon, and saw 18 of its levels.
You visited the Abyss 1 time.

You collected 1156 gold pieces.
You spent 667 gold pieces at shops.

Inventory:

Hand Weapons
 a - a +4 broad axe (weapon)
 b - a +0 hand axe of flaming
 M - a +1 war axe
Armour
 h - a +2 hat (worn)
 i - a +2 pair of boots (worn)
 v - a +1 shield of reflection (worn)
 A - a +0 cloak (worn)
 H - the +0 scale mail "Geerrubb" {rElec rCorr}
   (You found it on level 10 of the Dungeon)

   It insulates you from electricity.
   It protects you from acid and corrosion.
 Q - a +2 plate armour of cold resistance (worn)
Jewellery
 j - a ring of protection from magic (right hand)
 k - a ring of protection from cold (left hand)
 l - an uncursed ring of resist corrosion
 u - the amulet "Xyala" (around neck) {Faith rN+ Int+4}
   (You found it on level 4 of the Lair of Beasts)

   [amulet of faith]

   It allows you to gain divine favour quickly.
   It affects your intelligence (+4).
   It protects you from negative energy.
 w - an uncursed amulet of guardian spirit
 y - an uncursed ring of see invisible
 L - an uncursed amulet of rage {unknown}
Wands
 d - a wand of lightning (7/15)
 z - a wand of teleportation (3/9)
Scrolls
 n - a scroll of noise
 o - 11 scrolls of identify
 q - 3 scrolls of blinking
 C - 4 scrolls of remove curse
 F - a scroll of magic mapping
 G - 3 scrolls of enchant armour
 K - 2 scrolls of recharging
 N - 3 scrolls of amnesia
Potions
 c - a potion of berserk rage
 e - 5 potions of magic
 p - 3 potions of heal wounds
 s - a potion of agility
 t - 2 potions of curing
 x - a potion of brilliance
 E - a potion of haste
 I - a potion of cure mutation
 P - a potion of invisibility
Comestibles
 f - 13 bread rations
 g - 17 fruits
 m - 17 royal jellies
 r - 9 slices of pizza
 B - 5 beef jerkies
 D - 5 meat rations


   Skills:
 + Level 12.0 Fighting
 - Level 17.0 Axes
 * Level 15.2 Armour
 - Level 15.3 Shields


You had 13 spell levels left.
You didn't know any spells.

Dungeon Overview and Level Annotations

Branches:
Dungeon (11/15)            Temple (1/1) D:4            Lair (6/6) D:11
 Shoals (0/4) Lair:3        Snake (0/4) Lair:4        Slime (0/5) Lair:5
    Orc: D:9-12

Altars:
Ashenzari
Cheibriados
Dithmenos
Elyvilon
Fedhas
Gozag
Hepliaklqana
Kikubaaqudgha
Makhleb
Nemelex Xobeh
Okawaru
Qazlal
Ru
Sif Muna
Trog
Uskayaw
Vehumet
Xom
Yredelemnul
Zin
The Shining One

Shops:
D:4 [   D:7 %

Annotations:
Lair:1 exclusion: oklob plant


Innate Abilities, Weirdness & Mutations

You reflexively headbutt those who attack you in melee.
You have a pair of horns on your head.
[Armour fits poorly on your strangely shaped body.]
[You do not regenerate when monsters are visible.]
[You are very weak. (Str -4)]
[Your spells are easier to cast, but less powerful.]
[You expend magic power (3 MP) to strengthen your wands.]


Message History

You feel yourself growing ill in the presence of the ancient zyme.
The raiju looks sick.
The raiju moves out of view.
A raiju comes into view.
A large abomination comes into view.
The raiju barks!
The raiju looks sick.
The raiju barely misses you. You block the raiju's attack.
You block the sixfirhy's attack.
The raiju bursts into living lightning!
The living lightning hits you! Elyvilon protects you from harm!
The living lightning hits you! Elyvilon protects you from harm!
The raiju blinks! x2
A small abomination comes into view.
You block the sixfirhy's attack. x2
The sixfirhy hits you but does no damage.
You block the large abomination's attack.
The raiju bites you but does no damage. The sixfirhy barely misses you.
The shadow strikes at you from the darkness!
You die...

... ....## #..#.....#
...#.#.. #.
....#.##... #...#....
#.#.x.3 . #.Xh##
..§### ###@hh# #.....
##.§#3#.#
#...#.##.X..##.#.#
#...#...#....h..#
#......x..#..#
###.#.###..#.# .# ##
##..w..##.#.#
##..##.#. #........
..X.#.##.#...#...#.##


You could see a tentacled starspawn, a large abomination, a sixfirhy, 3 raiju, a
ynoxinul and a small abomination.

Vanquished Creatures
  Kirke (Lair:5)
  Gastronok (Lair:3)
  Snorg (Lair:4)
  Harold (Lair:3)
  6 hydras
  A tengu warrior (D:9)
  A large abomination (Abyss:3)
  3 worldbinders (Abyss:3)
  A siren (Lair:3)
  13 spiny frogs
  5 black mambas
  3 elephants (Lair:6)
  A gargoyle (D:11)
  A water nymph (Abyss:3)
  7 komodo dragons
  A freezing wraith (Abyss:3)
  2 rime drakes
  A queen bee (D:11)
  3 merfolk (Lair:3)
  A troll (D:10)
  2 hornets (Lair:6)
  A polar bear (Lair:1)
  3 slime creatures (Lair:5)
  7 blink frogs
  A two-headed ogre (D:11)
  5 hippogriffs
  2 dream sheep (D:9)
  3 small abominations (Abyss:3)
  A redback (Lair:6)
  6 wyverns (Lair:6)
  A wraith (Abyss:3)
  A ynoxinul (Abyss:3)
  A water elemental (D:11)
  A basilisk (Lair:2)
  45 yaks
  7 hogs (Lair:5)
  A steam dragon (D:9)
  A hungry ghost (D:9)
  Menkaure (D:6)
  7 nagas (Lair:4)
  Edmund (D:5)
  19 water moccasins
  13 porcupines
  2 sky beasts
  Duvessa (D:6)
  2 ice beasts (D:11)
  3 orc warriors
  A phantom (D:8)
  A black bear (D:8)
  A necrophage (D:11)
  8 ogres
  4 wolves
  3 centaurs
  11 crocodiles
  6 big kobolds
  15 bullfrogs
  A gnoll sergeant (D:6)
  A water moccasin zombie (D:6)
  Dowan (D:6)
  28 killer bees
  4 scorpions
  A water moccasin skeleton (D:5)
  6 howler monkeys
  11 wights
  5 electric eels
  7 crimson imps
  A quasit (Abyss:3)
  3 centaur zombies
  3 orc priests
  11 hounds
  5 jellies
  Jessica (D:2)
  9 orc wizards
  Terence (D:3)
  Natasha (twice) (D:3)
  6 iguanas
  9 worker ants
  2 hound skeletons
  2 worker ant zombies
  4 gnolls
  A howler monkey skeleton (D:8)
  A river rat (D:11)
  24 adders
  A shadow imp (D:10)
  2 oozes (D:1)
  4 worms
  2 dart slugs (D:1)
  6 leopard geckos
  29 orcs
  A ball python (D:3)
  23 bats
  4 giant cockroaches
  11 goblins
  11 hobgoblins
  A jackal (D:3)
  21 kobolds
  4 quokkas
  7 frilled lizards
  A leopard gecko skeleton (D:3)
  A quokka zombie (D:5)
  15 rats
  4 fungi
  7 plants (Lair:6)
547 creatures vanquished.

Vanquished Creatures (others)
  The ghost of baghtru the Skirmisher, an amateur HOFi (D:4)
  4 centaurs
  An orc (D:9)
  A rat (D:11)
  6 fungi
  10 plants
  6 starspawn tentacles (Abyss:3)
29 creatures vanquished.

Grand Total: 576 creatures vanquished

Notes
Turn   | Place    | Note
-------+----------+-------------------------------------------
     0 | D:1      | Kloppie the Minotaur Fighter began the quest for the Orb.
     0 | D:1      | Reached XP level 1. HP: 19/19 MP: 0/0
   137 | D:1      | Reached XP level 2. HP: 15/27 MP: 1/1
   211 | D:1      | Reached skill level 3 in Axes
   409 | D:1      | Reached XP level 3. HP: 30/34 MP: 2/2
   878 | D:2      | Noticed Jessica
   890 | D:2      | Reached skill level 5 in Fighting
   893 | D:2      | Killed Jessica
   893 | D:2      | Reached XP level 4. HP: 42/42 MP: 3/3
  1201 | D:2      | Reached skill level 4 in Axes
  1440 | D:3      | Noticed Terence
  1447 | D:3      | Killed Terence
  1447 | D:3      | Reached XP level 5. HP: 46/50 MP: 4/4
  1705 | D:3      | Noticed Natasha
  1709 | D:3      | Killed Natasha
  1738 | D:3      | Noticed Natasha
  1745 | D:3      | Killed Natasha
  2086 | D:4      | Reached skill level 5 in Axes
  2086 | D:4      | Reached XP level 6. HP: 54/60 MP: 3/5
  2151 | D:4      | Found Wyxkilut's Antique Armour Shoppe.
  2228 | D:4      | Killed baghtru's ghost
  2260 | D:4      | Found a staircase to the Ecumenical Temple.
  2269 | Temple   | Entered the Ecumenical Temple
  2435 | Temple   | Became a worshipper of Elyvilon the Healer
  2632 | D:4      | Reached XP level 7. HP: 47/68 MP: 4/6
  2736 | D:5      | Entered Level 5 of the Dungeon
  2852 | D:5      | Found a shattered altar of Ashenzari.
  2853 | D:5      | Gained mutation: You passively map a small area around you. [potion of mutation]
  2853 | D:5      | Gained mutation: Potions and wands are less effective at restoring your health. [potion of mutation]
  2853 | D:5      | Gained mutation: Your magical capacity is low. (-10% MP) [potion of mutation]
  2976 | D:5      | Reached skill level 6 in Axes
  2996 | D:5      | Noticed Edmund
  3014 | D:5      | Killed Edmund
  3014 | D:5      | Reached skill level 5 in Armour
  3243 | D:5      | Identified the Volume of Confrontation
  3257 | D:5      | Reached * piety under Elyvilon
  3396 | D:5      | Reached XP level 8. HP: 74/74 MP: 6/6
  3435 | D:5      | Reached skill level 7 in Axes
  3604 | D:5      | Lost mutation: Your magical capacity is low. (-10% MP) [potion of cure mutation]
  3604 | D:5      | Lost mutation: You passively map a small area around you. [potion of cure mutation]
  3604 | D:5      | Lost mutation: Potions and wands are less effective at restoring your health. [potion of cure mutation]
  3832 | D:6      | Noticed Duvessa
  3832 | D:6      | Noticed Dowan
  3842 | D:6      | Killed Dowan
  3847 | D:6      | Killed Duvessa
  4010 | D:6      | Noticed Menkaure
  4018 | D:6      | Killed Menkaure
  4018 | D:6      | Reached skill level 8 in Axes
  4045 | D:6      | Reached ** piety under Elyvilon
  4671 | D:6      | Reached XP level 9. HP: 79/81 MP: 6/8
  5080 | D:7      | Got a pitted scale mail
  5091 | D:7      | Identified the +1 scale mail of Atha {rN++ MR- Dex+5} (You found it on level 7 of the Dungeon)
  5170 | D:7      | Found Biziruy's Food Emporium.
  5193 | D:7      | Reached skill level 9 in Axes
  5233 | D:7      | Reached *** piety under Elyvilon
  5234 | D:7      | Reached skill level 5 in Shields
  5751 | D:8      | You fall through a shaft!
  6056 | D:9      | Reached skill level 10 in Axes
  6086 | D:9      | Noticed a tengu warrior
  6099 | D:9      | Reached XP level 10. HP: 28/88 MP: 2/9
  6105 | D:9      | HP: 2/132 [tengu warrior/long sword (10)]
  6108 | D:9      | Killed a tengu warrior
  6108 | D:9      | Reached skill level 10 in Shields
  6589 | D:9      | Reached skill level 11 in Axes
  6595 | D:9      | Noticed a two-headed hydra
  6611 | D:9      | Killed a one-headed hydra
  6735 | D:9      | Reached **** piety under Elyvilon
  6785 | D:9      | Found a sparkling altar of Nemelex Xobeh.
  6885 | D:10     | Entered Level 10 of the Dungeon
  6968 | D:10     | Reached XP level 11. HP: 41/94 MP: 1/10
  7358 | D:10     | Reached skill level 12 in Axes
  7509 | D:10     | Got a warped scale mail
  7523 | D:10     | Identified the cursed +0 scale mail "Geerrubb" {rElec rCorr} (You found it on level 10 of the Dungeon)
  7821 | D:11     | Got a heavily runed scale mail
  7833 | D:11     | Identified the +1 scale mail "Otadom" {rCorr Str-2 Int+2} (You found it on level 11 of the Dungeon)
  8064 | D:11     | Reached skill level 10 in Fighting
  8580 | D:11     | Reached ***** piety under Elyvilon
  8839 | D:11     | Noticed an eight-headed hydra
  8849 | D:11     | Killed a three-headed hydra
  9155 | D:11     | Found a staircase to the Lair.
  9234 | D:11     | Reached skill level 13 in Axes
 10054 | Lair:1   | Entered Level 1 of the Lair of Beasts
 10181 | Lair:1   | Found a glowing golden altar of the Shining One.
 10181 | Lair:1   | Noticed an oklob plant
 10529 | Lair:1   | Reached XP level 12. HP: 110/110 MP: 11/11
 10539 | Lair:1   | Noticed a six-headed hydra
 10552 | Lair:1   | Killed a one-headed hydra
 11396 | Lair:2   | Found a snail-covered altar of Cheibriados.
 11913 | Lair:3   | Noticed a five-headed hydra
 11935 | Lair:3   | Killed a one-headed hydra
 11935 | Lair:3   | Reached skill level 14 in Axes
 11953 | Lair:3   | Found a staircase to the Shoals.
 11962 | Lair:3   | Noticed Gastronok
 12319 | Lair:3   | Reached skill level 15 in Shields
 12630 | Lair:3   | Killed Gastronok
 12630 | Lair:3   | Reached skill level 10 in Armour
 12699 | Lair:3   | Noticed a seven-headed hydra
 12719 | Lair:3   | Killed a one-headed hydra
 12780 | Lair:3   | Noticed Harold
 12812 | Lair:3   | Killed Harold
 12980 | Lair:3   | Reached skill level 16 in Axes
 12980 | Lair:3   | Reached XP level 13. HP: 97/116 MP: 12/12
 13029 | Lair:3   | Reached ****** piety under Elyvilon
 13191 | Lair:3   | Reached XP level 14. HP: 97/124 MP: 10/13
 13853 | D:4      | Bought a shiny plate armour for 667 gold pieces
 14203 | Lair:4   | Got a faintly glowing copper amulet
 14204 | Lair:4   | Identified the amulet "Xyala" {Faith rN+ Int+4} (You found it on level 4 of the Lair of Beasts)
 14412 | Lair:4   | Noticed Snorg
 14436 | Lair:4   | Killed Snorg
 15059 | Lair:4   | Found a staircase to the Snake Pit.
 15160 | Lair:5   | Found a staircase to the Slime Pits.
 15280 | Lair:5   | Noticed Kirke
 16392 | Lair:5   | Killed Kirke
 16452 | Lair:6   | Entered Level 6 of the Lair of Beasts
 16464 | Lair:6   | Reached skill level 17 in Axes
 18088 | Lair:6   | Cast into level 3 of the Abyss (a distortion unwield)
 18181 | Abyss:3  | Reached skill level 15 in Armour
 18494 | Abyss:3  | Noticed a tentacled starspawn
 18516 | Abyss:3  | HP: 4/126 [sixfirhy (10)]
 18523 | Abyss:3  | Elyvilon protects you from harm!
 18523 | Abyss:3  | Elyvilon protects you from harm!
 18524 | Abyss:3  | Slain by a shadow

Skill      XL: |  1  2  3  4  5  6  7  8  9 10 11 12 13 14 |
---------------+-------------------------------------------+-----
Fighting       | 4 5 6 7 8 11 12 | 12.0
Axes           | 3 4 5 6 8 10 11 13 16 17 | 17.0
Armour         | 6 9 11 15 | 15.2
Shields        | 8 12 13 15 | 15.3

Action                   |  1- 3 |  4- 6 |  7- 9 | 10-12 | 13-15 || total
-------------------------+-------+-------+-------+-------+-------++-------
Melee: War axe           |    93 |   135 |   326 |   221 |       ||   775
       Headbutt          |    17 |    19 |    57 |   162 |   114 ||   369
       Hand axe          |       |       |       |    48 |    12 ||    60
       Broad axe         |       |       |       |   400 |   577 ||   977
       Unarmed           |       |       |       |       |     2 ||     2
Invok: Greater Healing   |       |       |       |     2 |       ||     2
Evoke: Wand              |       |       |       |       |     2 ||     2
  Use: Scroll            |       |     9 |     7 |     3 |    10 ||    29
       Potion            |       |     7 |     7 |    12 |     1 ||    27
  Eat: Chunk             |       |     6 |    11 |    16 |    11 ||    44
       Meat ration       |       |       |       |     2 |     2 ||     4
Armor: Scale mail        |    38 |    32 |   152 |   231 |    18 ||   471
       Chain mail        |     8 |    26 |       |       |       ||    34
       Plate armour      |       |       |       |       |   240 ||   240
Dodge: Dodged            |    25 |    33 |   109 |   200 |   128 ||   495
Block: Shield            |    54 |    80 |   173 |   514 |   440 ||  1261
       Reflection        |       |       |       |    22 |     5 ||    27
